 Dungeon Crawl Stone Soup version 0.31.0-11-ge490571c62 (webtiles) character file.

Game seed: 18146877375798231083

3713 EonDragon20 the Frost Mage (level 10, -20/76 (77) HPs)
             Began as a Merfolk Ice Elementalist on Feb 7, 2024.
             Was an Initiate of Sif Muna.
             Killed from afar by an acid dragon (34 damage)
             ... with a splash of acid
             ... on level 8 of the Dungeon.
             The game lasted 00:18:42 (8090 turns).

EonDragon20 the Frost Mage (MfIE)                   Turns: 8090, Time: 00:18:42

HP:   -20/76 (77)   AC:  0    Str:  9    XL:     10   Next: 14%
MP:   13/19         EV: 16    Int: 19    God:    Sif Muna [......]
Gold: 427           SH:  0    Dex: 14    Spells: 8/21 levels left

rFire   . . .        f - +2 whip (venom)
rCold   . . .        (no shield)
rNeg    . . .        a - +1 robe
rPois   .            (no helmet)
rElec   .            (no cloak)
rCorr   .            y - +0 pair of gloves
SInv    .            (no boots)
Will    .....        (no amulet)
Stlth   ++           (no ring)
HPRegen 0.32/turn    (no ring)
MPRegen 0.16/turn

%: no passive effects
@: corroded, freezing walls, lightly drained
A: (nimble swimmer 2), mertail
a: Renounce Religion


You were on level 8 of the Dungeon.
You worshipped Sif Muna.
Sif Muna was noncommittal.
You visited 2 branches of the dungeon, and saw 9 of its levels.

You collected 427 gold pieces.

Inventory:

Hand Weapons
 f - a +2 whip of venom (weapon)
Armour
 a - a +1 robe (worn)
 o - a +0 pair of gloves
 y - a +0 pair of gloves (worn)
Jewellery
 c - an amulet of the acrobat
 g - a +5 ring of evasion
 h - a ring of see invisible
 l - an amulet of guardian spirit
 m - a ring of flight
 q - a +5 ring of evasion
 x - an amulet of faith
Wands
 t - a wand of charming (14)
Scrolls
 j - 4 scrolls of amnesia
 s - 2 scrolls of blinking
 w - 2 scrolls of teleportation
 z - a scroll of identify
Potions
 b - 2 potions of magic
 d - 2 potions of curing {unknown}
 e - a potion of might {unknown}
 i - a potion of lignification {unknown}
 k - 3 potions of brilliance
 n - a potion of mutation {unknown}
 p - a potion of resistance {unknown}
 r - a potion of invisibility {unknown}
 u - a potion of attraction {unknown}
 v - a potion of ambrosia {unknown}


   Skills:
 - Level 6.7 Fighting
 * Level 4.7 Maces & Flails
 - Level 8.6 Dodging
 - Level 2.1 Stealth
 - Level 6.0 Spellcasting
 - Level 9.0 Ice Magic


You had 8 spell levels left.
You knew the following spells:

 Your Spells              Type           Power      Damage    Failure   Level
a - Freeze                Ice            100%       1d10      1%          1
b - Frozen Ramparts       Ice            80%        1d13      1%          3
c - Ozocubu's Armour      Ice            40%        N/A       1%          3
d - Hailstorm             Conj/Ice       22%        3d7       5%          3
e - Summon Ice Beast      Ice/Summ       22%        N/A       5%          3

Your spell library contained the following spells:

 Spells                   Type           Power      Damage    Failure   Level
 Apportation              Tloc           10%        N/A       11%         1
 Kiss of Death            Conj/Necr      20%        2d7       11%         1
 Shock                    Conj/Air       20%        1d4       11%         1
 Jinxbite                 Hex            10%        N/A       17%         2
 Lesser Beckoning         Tloc           10%        N/A       17%         2
 Sublimation of Blood     Necr           5%         N/A       17%         2
 Confusing Touch          Hex            5%         N/A       32%         3
 Dazzling Flash           Conj/Hex       10%        N/A       32%         3
 Fugue of the Fallen      Necr           5%         N/A       32%         3
 Gell's Gravitas          Tloc           5%         N/A       32%         3
 Mephitic Cloud           Conj/Alch/Air  5%         N/A       32%         3
 Swiftness                Air            5%         N/A       32%         3
 Teleport Other           Tloc           5%         N/A       32%         3
 Airstrike                Air            2%         2d(1-17)  73%         4
 Dispel Undead            Necr           5%         3d7       73%         4
 Manifold Assault         Tloc           5%         N/A       73%         4
 Petrify                  Alch/Erth      5%         N/A       73%         4
 Sculpt Simulacrum        Ice/Alch       11%        N/A       95%         6
 Alistair's Intoxication  Alch           3%         N/A       97%         5
 Curse of Agony           Necr           5%         N/A       97%         5
 Irradiate                Conj/Alch      2%         3d12      97%         5
 Silence                  Hex/Air        2%         N/A       97%         5


Dungeon Overview and Level Annotations

Branches:
Dungeon (8/15)             Temple (1/1) D:7
   Lair: D:8-11

Altars:
Ashenzari
Cheibriados
Dithmenos
Elyvilon
Fedhas
Gozag
Hepliaklqana
Kikubaaqudgha
Makhleb
Okawaru
Qazlal
Ru
Sif Muna
Trog
Uskayaw
Vehumet
Wu Jian
Xom
Yredelemnul
Zin
The Shining One
Lugonu

Shops:
D:4 =   D:6 :

Annotations:
D:4 1 transporter, 1 runed translucent door, Crazy Yiuf; hawla's ghost, amateur DECj


Innate Abilities, Weirdness & Mutations

((You are very nimble when in or above water. (Stealth+, EV+, Speed+++)))
Your lower body shifts to a powerful aquatic tail in water.


Message History

The steam dragon looks as sick as possible!
The steam dragon is almost dead.
You are engulfed in a cloud of scalding steam.
The wall freezes the steam dragon.
The steam dragon closely misses you. x2
You hit the steam dragon but do no damage.
The steam dragon looks as sick as possible!
The steam dragon is almost dead.
You are engulfed in a cloud of scalding steam.
The wall freezes the steam dragon!
You kill the steam dragon!
Sif Muna accepts your kill.
The steam dragon scales are intact enough to wear.
The frozen ramparts melt away as you move.
An acid dragon comes into view.
The acid dragon spits acid at you. The splash of acid hits you!!
Things that are here:
a +0 club; a +0 leather armour
Casting: Frozen Ramparts (safe; 1% risk of failure)
Confirm with . or Enter, or press ? or * to list all spells.
Casting: Frozen Ramparts (safe; 1% risk of failure)
Press: ? - help, Dir - look around, f - activate The walls around you are covered in ice.
The wall freezes the acid dragon.
The acid dragon spits acid at you. The splash of acid hits you!!
* * * LOW HITPOINT WARNING * * *
The acid corrodes you!
Okay, then.
Casting: Frozen Ramparts (safe; 1% risk of failure)
Confirm with . or Enter, or press ? or * to list all spells.
Aiming: Freeze (safe; 1% risk of failure)
Press: ? - help, Shift-Dir - straight line, f - acid dragon
Aim: an acid dragon (lightly wounded)
You freeze the acid dragon.
The acid dragon is moderately wounded.
The wall freezes the acid dragon.
The acid dragon spits acid at you. The splash of acid hits you!!
You die...

#...........#
#.....<.....#
#...........#
.......##'########
.......##........#
.......#########.#
......>....... #.#
...........###.#.#
...........#...#@######.#
......(....# #)D........#
#.........## #.#.########
#.###)###..# #.#........
#.###..###+#D# ########.
..#..........#
###..........#
#........... #...........


You could see an acid dragon (catching breath).

Vanquished Creatures
  A two-headed ogre (D:8)
  A steam dragon (D:8)
  Edmund (D:5)
  Duvessa (D:6)
  A water moccasin (D:6)
  2 sky beasts
  2 ice beasts (D:6)
  An orc warrior (D:6)
  2 black bears
  2 centaurs
  A phantom (D:6)
  A kobold brigand (D:6)
  Blork the orc (D:4)
  A bullfrog (D:8)
  6 scorpions
  A wight (D:8)
  Dowan (D:6)
  5 killer bees (D:7)
  3 howler monkeys
  5 bombardier beetles
  A bullfrog zombie (D:6)
  A hound (D:6)
  5 orc priests
  A gnoll bouda (D:7)
  An iguana (D:6)
  3 orc wizards
  Natasha (D:2)
  A killer bee zombie (D:6)
  3 gnolls (D:7)
  10 adders
  A shadow imp (D:7)
  2 white imps (D:7)
  3 ribbon worms
  4 dart slugs
  22 orcs
  5 ball pythons
  6 bats
  5 endoplasms
  3 giant cockroaches
  7 goblins
  7 hobgoblins
  3 jackals (D:2)
  19 kobolds
  8 quokkas
  2 frilled lizards
  5 rats
168 creatures vanquished.

Notes
Turn   | Place    | Note
-------+----------+-------------------------------------------
     0 | D:1      | EonDragon20 the Merfolk Ice Elementalist began the quest
                  | for the Orb.
     0 | D:1      | Reached XP level 1. HP: 13/13 MP: 3/3
   123 | D:1      | Reached XP level 2. HP: 19/19 MP: 3/5
   219 | D:1      | Reached skill level 5 in Ice Magic
   463 | D:1      | Reached XP level 3. HP: 21/24 MP: 6/6
   478 | D:1      | Learned a level 3 spell: Frozen Ramparts
  1042 | D:2      | Found a faded altar of an unknown god.
  1116 | D:2      | Found an iron altar of Okawaru.
  1184 | D:2      | Reached skill level 6 in Ice Magic
  1245 | D:2      | Reached XP level 4. HP: 28/30 MP: 7/7
  1249 | D:2      | Learned a level 3 spell: Ozocubu's Armour
  1389 | D:2      | Noticed Natasha
  1400 | D:2      | Killed Natasha
  1904 | D:3      | Reached XP level 5. HP: 24/35 MP: 8/8
  2361 | D:3      | Reached skill level 1 in Fighting
  2789 | D:3      | Found a snail-covered altar of Cheibriados.
  3012 | D:4      | Found a white marble altar of Elyvilon.
  3012 | D:4      | Found a shimmering altar of Xom.
  3014 | D:4      | Found a glowing golden altar of the Shining One.
  3015 | D:4      | Found a sacrificial altar of Ru.
  3025 | D:4      | Reached XP level 6. HP: 44/44 MP: 5/9
  3063 | D:4      | Found a bloodstained altar of Trog.
  3064 | D:4      | Found a broken altar of Ashenzari.
  3125 | D:4      | Found a transporter.
  3291 | D:4      | Reached XP level 7. HP: 52/52 MP: 11/11
  3383 | D:4      | Found an ornate altar of the Wu Jian Council.
  3523 | D:4      | Found a burning altar of Makhleb.
  3524 | D:4      | Noticed Blork the orc
  3538 | D:4      | Killed Blork the orc
  3539 | D:4      | Reached skill level 5 in Dodging
  3637 | D:4      | Noticed hawla's ghost (amateur DECj)
  3700 | D:4      | Found Kotu's Jewellery Shop.
  3786 | D:4      | Found a runed translucent door.
  3787 | D:4      | Noticed Crazy Yiuf
  3871 | D:4      | Learned a level 3 spell: Hailstorm
  3875 | D:4      | Learned a level 3 spell: Summon Ice Beast
  3896 | D:5      | Entered Level 5 of the Dungeon
  4066 | D:5      | Reached skill level 7 in Ice Magic
  4112 | D:5      | Noticed Edmund
  4123 | D:5      | Killed Edmund
  4340 | D:5      | Found a radiant altar of Vehumet.
  4380 | D:5      | Reached XP level 8. HP: 55/61 MP: 10/14
  4833 | D:6      | Found Ulofila's Book Emporium.
  4943 | D:6      | Reached skill level 5 in Fighting
  5050 | D:6      | Reached skill level 5 in Spellcasting
  5050 | D:6      | Reached skill level 8 in Ice Magic
  5214 | D:6      | Reached XP level 9. HP: 68/68 MP: 7/16
  5812 | D:6      | Found a shadowy altar of Dithmenos.
  5841 | D:6      | Found a stormy altar of Qazlal.
  6110 | D:6      | Noticed Duvessa
  6110 | D:6      | Noticed Dowan
  6124 | D:6      | Killed Duvessa
  6125 | D:6      | Killed Dowan
  6282 | D:6      | Found a basalt altar of Yredelemnul.
  6573 | D:7      | Found an iron altar of Okawaru.
  7062 | D:7      | Reached skill level 9 in Ice Magic
  7099 | D:7      | Found a staircase to the Ecumenical Temple.
  7141 | Temple   | Entered the Ecumenical Temple
  7165 | Temple   | Became a worshipper of Sif Muna the Loreminder
  7555 | D:8      | Noticed a two-headed ogre
  7578 | D:8      | Killed a two-headed ogre
  7579 | D:8      | Reached XP level 10. HP: 25/77 MP: 11/19
  7784 | D:8      | Found an opulent altar of Gozag.
  8090 | D:8      | Killed from afar by an acid dragon

Illustrated notes

Levels and vault maps discovered:
D:1:      dpeg_arrival_morbid_curiosity, layout_basic, nrook_loot_triangle
D:2:      layout_basic, basic_ecumenical_altar, basic_altar,
          grunt_decor_fettered, minmay_gold_behind_fungi, uniq_natasha
D:3:      layout_loops_corners, kennysheep_slug_shrine,
          chequers_serial_rivers_micro_d
D:4:      layout_basic, nzn_wu_jian_contemplation, mainiacjoe_overflow_alcove_4,
          grunt_temple_overflow_open, serial_shops,
          nicolae_shop_back_alley_shop, gammafunk_ghost_smash,
          minmay_misc_feat_doors, uniq_blork_the_orc, uniq_crazy_yiuf_cottage
D:5:      layout_loops_ring, fiery_altar_vehumet, nicolae_zig_zag_zippers,
          uniq_edmund
D:6:      layout_cave_pods, nicolae_overflow_crystal_walls, lemuel_round_altar,
          lemuel_zombie_altar_yredelemnul, serial_shops,
          nicolae_shop_tiny_glass, uniq_duvessa
D:7:      layout_loops_ring, marbit_many_paths, temple_fountains
D:8:      layout_basic, mainiacjoe_overflow_six_doors_small
Temple:   corrupted_temple

Skill      XL: |  1  2  3  4  5  6  7  8  9 10 |
---------------+-------------------------------+-----
Ice Magic      | 5 6 7 8 9 |  9.0
Dodging        | 3 4 6 7 8 |  8.6
Fighting       | 1 3 4 5 6 |  6.7
Spellcasting   | 3 4 5 6 |  6.0
Maces & Flails | 3 4 |  4.7
Stealth        | |  2.1

Action                     |  1- 3 |  4- 6 |  7- 9 | 10-12 || total
---------------------------+-------+-------+-------+-------++-------
  Melee: Unarmed           |    13 |       |       |       ||    13
         Whip              |    65 |    77 |   219 |    29 ||   390
         Punch             |       |     2 |     7 |       ||     9
         Tailslap          |       |     1 |       |       ||     1
   Cast: Freeze            |    20 |       |       |     1 ||    21
         Frozen Ramparts   |     1 |    12 |    35 |     4 ||    52
         Ozocubu's Armour  |       |     1 |     5 |     1 ||     7
         Hailstorm         |       |       |     2 |       ||     2
    Use: Scroll            |     2 |     4 |     4 |       ||    10
         Potion            |       |       |     2 |       ||     2
   Stab: Sleeping          |     5 |     4 |       |     1 ||    10
 Armour: Robe              |    45 |    31 |   104 |    13 ||   193
  Dodge: Dodged            |    72 |    53 |   162 |    14 ||   301
